Map: Prion Terraces

Players

FourTwenty

  • Race: Zerg Zerg
  • League: Master

xKawaiian - Winner!

  • Race: Terran Terran
  • League: Master

VOD

Have the link to the VOD?

Description

Time

  • Played on: Feb. 3, 2016, 11:29 p.m.
  • Length: 14:21
Show
View Real Time Build Order
Export as new Build Order

FourTwenty Zerg 

Build Orders: Hatch First 

Get SALT Encoding   

  12  0:01  Drone  
  13  0:08  Drone  
  14  0:17  Overlord  
  14  0:23  Drone, Extractor  
  16  0:35  Drone x2  
  17  0:44  Drone  
  18  0:57  Drone, Hatchery  
  18  1:06  Drone  
  18  1:07  Extractor  
  18  1:16  Spawning Pool  
  17  1:18  Drone  
  18  1:27  Drone  
  19  1:38  Drone  
  20  1:49  Drone  
  21  2:06  Zergling x2  
  22  2:08  Queen x2  
  22  2:09  Zergling x2  
  22  2:11  Metabolic Boost  
  22  2:14  Zergling x2  
  28  2:20  Overlord  
  28  2:39  Drone x2  
  28  2:40  Drone  
  31  2:44  Queen, Drone  
  31  2:45  Drone  
  35  2:58  Drone  
  36  3:00  Hatchery  
  36  3:02  Overlord  
  36  3:03  Overlord  
  35  3:17  Overlord  
  35  3:22  Drone x5  
  35  3:23  Drone x2  
  35  3:24  Drone  
  42  3:34  Drone  
  42  3:38  Extractor x2  
  42  3:41  Drone  
  42  3:42  Roach Warren  
  42  3:44  Zergling x4  
  43  3:49  Overlord  
  43  3:53  Overlord  
  44  4:05  Overlord  
  44  4:07  Lair  
  44  4:08  Drone  
  44  4:09  Drone x4  
  49  4:13  Queen  
  51  4:19  Drone x2  
  53  4:29  Roach x4  
  61  4:35  Roach x2  
  65  4:40  Roach  
  65  4:41  Roach  
  69  4:49  Drone x3, Overlord  
  72  4:53  Ravager  
  72  4:56  Overlord  
  72  4:59  Overlord  
  73  5:04  Spore Crawler, Glial Reconstitution, Drone  
  73  5:06  Drone  
  74  5:07  Spore Crawler  
  74  5:11  Roach  
  74  5:13  Drone x4  
  74  5:14  Drone x2  
  80  5:19  Spore Crawler  
  80  5:22  Roach  
  80  5:23  Roach  
  80  5:28  Zergling x8  
  87  5:32  Ravager  
  87  5:33  Queen  
  90  5:36  Zergling x8  
  90  5:40  Overlord  
  94  5:43  Queen  
  94  5:45  Overlord  
  96  5:53  Roach  
  92  6:01  Roach  
  92  6:02  Roach x4  
  97  6:16  Roach x3  
  101  6:25  Zergling x6  
  102  6:26  Zergling x4  
  102  6:28  Overlord x2  
  102  6:31  Hatchery  
  105  6:33  Hatchery  
  105  6:37  Drone x2  
  105  6:40  Extractor  
  105  6:42  Overlord  
  104  6:52  Queen  
  104  6:53  Drone x5  
  111  6:55  Extractor  
  111  6:56  Evolution Chamber x2  
  111  6:59  Drone  
  111  7:00  Baneling Nest, Drone x5, Extractor  
  111  7:01  Drone x2  
  110  7:18  Drone x3  
  110  7:19  Drone x2  
  108  7:29  Queen  
  104  7:31  Roach x6  
  112  7:39  Zerg Melee Weapons Level 1, Zerg Ground Armor Level 1  
  112  7:41  Drone x2  
  112  7:53  Drone x2  
  112  7:54  Roach x4, Extractor  
  119  8:01  Ravager x3  
  119  8:02  Queen  
  119  8:04  Zergling x8  
  128  8:07  Hatchery  
  127  8:13  Roach x2  
  127  8:14  Roach x2  
  127  8:15  Overlord x2  
  135  8:20  Overlord  
  135  8:25  Overlord  
  135  8:26  Centrifical Hooks, Overlord  
  135  8:29  Overlord  
  135  8:37  Overseer  
  126  8:43  Drone x2  
  126  8:44  Drone x3  
  126  8:45  Roach  
  126  8:46  Roach x6  
  135  8:48  Overlord  
  135  9:01  Roach x8  
  135  9:02  Roach  
  146  9:17  Zergling x12  
  146  9:19  Infestation Pit  
  146  9:25  Zergling x4  
  146  9:26  Zergling x14  
  145  9:34  Drone x4  
  145  9:35  Drone x5  
  152  9:43  Drone x3  
  150  9:48  Queen  
  142  9:53  Drone x5  
  142  9:58  Hive  
  141  10:10  Zerg Ground Armor Level 2, Zerg Melee Weapons Level 2  
  141  10:15  Queen  
  140  10:34  Roach x9  
  140  10:35  Roach x6  
  161  10:36  Overseer  
  161  10:37  Overseer  
  161  10:39  Pneumatized Carapace  
  161  10:41  Ravager  
  161  10:42  Ravager x4  
  166  10:50  Spine Crawler  
  166  10:51  Spine Crawler  
  166  10:53  Spine Crawler  
  163  10:58  Zergling x2  
  163  10:59  Zergling x18  
  173  11:07  Overlord x2  
  162  11:36  Roach x2  
  162  11:37  Roach x14  
  192  11:47  Adrenal Glands  
  192  11:52  Hatchery  
  191  11:58  Extractor  
  191  11:59  Extractor  
  191  12:00  Ultralisk Cavern, Overlord x3  
  186  12:06  Overseer x2  
  162  12:47  Chitinous Plating  
  162  12:48  Drone  
  162  12:49  Drone x5  
  162  12:50  Drone x4  
  177  12:51  Ultralisk x3  
  177  12:52  Ultralisk  
  190  13:01  Drone x5  
  189  13:07  Drone x4  
  189  13:08  Drone  
  181  13:32  Ultralisk  
  181  13:33  Ultralisk  
  180  13:37  Drone  
  180  13:38  Drone x3  
Show
View Real Time Build Order
Export as new Build Order

xKawaiian Terran - Winner!

Build Orders: Reaper Expand, MMM Bio 

Get SALT Encoding   

  12  0:01  SCV  
  13  0:13  SCV  
  14  0:17  Supply Depot  
  14  0:25  SCV  
  15  0:39  SCV  
  15  0:40  Barracks  
  16  0:46  Refinery  
  16  0:51  SCV  
  17  1:03  SCV  
  18  1:16  SCV  
  19  1:29  Orbital Command  
  19  1:31  Reaper  
  20  1:39  Command Center  
  20  1:49  Supply Depot  
  20  1:54  SCV  
  21  2:03  Barracks Reactor  
  21  2:06  SCV  
  22  2:09  Barracks  
  22  2:16  Barracks  
  22  2:19  SCV  
  23  2:31  SCV  
  24  2:39  Marine x2  
  24  2:43  SCV  
  27  2:53  Orbital Command  
  27  2:57  Barracks Tech Lab, Marine x2  
  29  3:01  SCV  
  29  3:04  Marine  
  31  3:07  Refinery  
  31  3:08  Factory  
  31  3:14  SCV  
  31  3:15  Marine x2  
  31  3:16  Stimpack, Marine  
  31  3:19  SCV  
  36  3:22  Marine  
  36  3:26  SCV  
  38  3:33  Supply Depot, Marine  
  39  3:37  SCV, Marine  
  39  3:38  Marine  
  39  3:39  SCV  
  43  3:42  Marine  
  44  3:51  Marine  
  44  3:52  SCV  
  44  3:54  Starport  
  44  3:55  Factory Reactor  
  46  3:56  SCV  
  46  3:59  Supply Depot  
  46  4:00  Marine  
  48  4:04  SCV  
  48  4:06  Marine  
  50  4:10  SCV  
  50  4:16  SCV  
  52  4:18  Supply Depot, Marine  
  52  4:22  SCV  
  54  4:25  Supply Depot, Marine  
  54  4:28  SCV  
  56  4:36  SCV  
  56  4:37  Medivac x2, Marine  
  62  4:43  Marine  
  63  4:46  SCV  
  63  4:49  Supply Depot, SCV  
  65  4:55  Command Center  
  65  4:58  SCV  
  66  5:01  Barracks Reactor, SCV, Marine  
  66  5:05  Factory Reactor  
  68  5:10  SCV  
  68  5:12  Engineering Bay  
  68  5:13  Engineering Bay  
  69  5:17  Refinery, SCV  
  69  5:18  Refinery, Marine  
  69  5:19  Marine  
  72  5:23  Combat Shields  
  72  5:24  Marine  
  72  5:25  SCV  
  74  5:36  Marine  
  74  5:37  Barracks  
  74  5:39  Marine x2  
  74  5:41  Barracks  
  77  5:49  Marine  
  78  5:51  Medivac x2  
  78  5:52  SCV  
  83  5:58  Marine  
  83  6:00  Widow Mine x2  
  83  6:01  Marine  
  86  6:04  Terran Infantry Weapons Level 1  
  86  6:14  Marine  
  86  6:15  Marauder  
  86  6:16  SCV x2  
  90  6:20  Terran Infantry Armor Level 1  
  90  6:27  Marine  
  90  6:31  Barracks Reactor, Barracks Tech Lab  
  91  6:35  Orbital Command  
  91  6:39  Marine x3  
  91  6:43  Marine  
  91  6:45  Marine  
  90  6:51  Medivac  
  90  6:52  Marauder  
  94  6:57  Marine x3  
  94  6:58  SCV x2  
  94  7:00  Armory  
  99  7:02  Marauder  
  101  7:08  Marine  
  101  7:10  SCV  
  101  7:13  Marine  
  101  7:20  Marine  
  101  7:21  Marine  
  101  7:22  Supply Depot x2, Marine  
  101  7:29  Marine  
  101  7:31  Supply Depot  
  101  7:34  Supply Depot x2  
  101  7:35  Marine  
  101  7:42  Marine  
  101  7:43  Widow Mine x2  
  101  7:44  Marauder, Medivac x2, SCV  
  109  7:47  Marauder, Marine  
  111  7:56  Marine  
  111  7:57  SCV  
  114  8:05  Marauder  
  114  8:07  Command Center  
  114  8:10  Marine  
  114  8:11  Barracks x2  
  114  8:12  Widow Mine x2  
  117  8:18  Marine x3  
  117  8:19  Marauder, Refinery  
  124  8:22  Refinery, SCV x2  
  124  8:25  Marine  
  129  8:27  Marauder  
  129  8:29  Terran Infantry Weapons Level 2  
  129  8:31  Terran Infantry Armor Level 2  
  129  8:40  Marine  
  126  8:41  Marauder  
  126  8:47  Marine x3  
  126  8:48  Marauder, Marine  
  120  8:49  Widow Mine x2  
  124  8:56  Supply Depot  
  124  8:57  Supply Depot  
  124  8:58  Supply Depot  
  124  8:59  Barracks Reactor, Supply Depot  
  124  9:00  Barracks Tech Lab  
  124  9:02  Marauder, Medivac  
  127  9:03  Marine  
  127  9:09  Marine  
  129  9:10  Marauder  
  129  9:13  Medivac, Marine x2  
  129  9:14  Marine  
  131  9:17  Widow Mine, Marine  
  131  9:18  Widow Mine  
  131  9:21  Marine  
  137  9:24  Marauder, Marine  
  137  9:27  Marine  
  137  9:30  Marine  
  139  9:31  Marine  
  139  9:32  Medivac  
  139  9:37  Marine  
  137  9:43  Orbital Command  
  137  9:44  Marauder, Marine x3  
  142  9:46  Widow Mine x2  
  137  9:58  Marauder, Medivac, Marine  
  131  10:02  Medivac  
  131  10:03  Marine x2  
  134  10:07  Marine x2  
  134  10:08  Marauder x2, SCV, Marine  
  134  10:10  SCV  
  143  10:14  Widow Mine  
  143  10:15  Widow Mine, Marine  
  143  10:16  Marine  
  143  10:19  Marine  
  143  10:20  Marauder  
  143  10:21  Marine x2  
  152  10:29  Marauder x2  
  152  10:33  Marine x2  
  144  10:40  SCV x4  
  144  10:41  Refinery, Starport, Marauder  
  144  10:42  Refinery, Starport  
  146  10:43  Widow Mine x2  
  146  10:45  Fusion Core  
  150  10:54  Terran Infantry Weapons Level 3, Terran Infantry Armor Level 3  
  150  10:55  SCV x3  
  150  10:56  SCV  
  154  11:03  Marauder, Marine  
  154  11:04  Marine  
  157  11:07  SCV x2  
  157  11:08  SCV  
  157  11:09  Liberator  
  157  11:10  Liberator  
  157  11:11  Marauder, Marine x2  
  161  11:14  Command Center  
  160  11:20  Marine  
  160  11:24  Marine x2  
  158  11:27  Starport Tech Lab x2  
  158  11:28  SCV x2  
  158  11:30  SCV x2  
  158  11:31  Marine x2  
  168  11:35  Marine  
  162  11:40  Liberator  
  160  11:47  Marine, SCV x2  
  160  11:48  Marauder x2, Marine  
  160  11:51  Marine  
  160  11:52  Marauder, Liberator  
  160  11:53  Liberator  
  168  11:55  Marine x2  
  168  11:57  Advanced Ballistics  
  168  11:58  Banshee  
  168  11:59  Marine  
  173  12:09  Marauder  
  181  12:17  Marine  
  181  12:19  Marine  
  181  12:20  Marauder  
  181  12:22  Marauder, Marine  
  181  12:23  Liberator  
  181  12:24  Liberator  
  181  12:25  Marine  
  182  12:31  Marauder, Marine x2  
  182  12:32  Marine  
  182  12:35  Liberator  
  179  12:39  Marine  
  179  12:40  Marine  
  179  12:41  Marauder  
  179  12:44  Marauder, Liberator  
  189  12:46  Marine x2  
  189  12:48  Planetary Fortress  
  191  12:52  Marauder, Marine  
  195  12:59  Marine  
  195  13:01  Widow Mine, Marine  
  195  13:02  Widow Mine  
  195  13:05  Marauder  
  200  13:08  Marine  
  196  13:13  Marauder  
  196  13:15  Liberator x2  
  196  13:17  Marine x2  
  200  13:21  Marauder, Marine x2  
  200  13:22  Marine x2  
  200  13:25  Marine x2  
  200  13:33  Marine  
  199  13:34  Marine  
  196  13:48  Marauder x2, Marine  
  189  14:00  Marine  
  189  14:01  Marine x2  
Tags
 
Add a new tag
Caveats
  • Supply blocks, unpowered buildings, or Contaminate may cause inaccurate times.
  • Supply counts are checked every 10 seconds.